Map: Dreamcatcher LE

Players

LiquidTLO (TLO)

  • Race: Zerg Zerg
  • Spawn Location: 11:00

Serral - Winner!

  • Race: Zerg Zerg
  • Spawn Location: 5:00

Event: WCS Austin 2018

VOD

Have the link to the VOD?

Description

Time

  • Played on: June 1, 2018, 9:42 p.m.
  • Length: 17:32

All games in this series

Show
View Real Time Build Order
Export as new Build Order

LiquidTLO Zerg 

Build Orders: 3 Hatch before Pool, Lurkers, Zergling Baneling 

Get SALT Encoding   

  12  0:00  Drone  
  13  0:08  Drone  
  14  0:16  Overlord  
  14  0:35  Drone x2  
  16  0:48  Hatchery  
  15  0:52  Drone  
  15  0:56  Drone  
  17  1:00  Drone  
  18  1:21  Hatchery  
  18  1:24  Drone  
  18  1:31  Extractor  
  17  1:39  Spawning Pool  
  16  1:41  Drone  
  16  1:45  Drone  
  18  1:49  Drone  
  18  1:52  Drone  
  20  2:00  Drone  
  21  2:04  Drone  
  22  2:10  Drone  
  22  2:14  Drone  
  24  2:21  Drone  
  25  2:25  Drone  
  25  2:26  Queen  
  28  2:30  Metabolic Boost  
  28  2:33  Drone  
  29  2:37  Queen  
  29  2:42  Overlord  
  31  2:44  Drone  
  31  2:47  Zergling x2  
  33  2:52  Baneling Nest  
  33  2:55  Zergling x2  
  33  3:00  Queen  
  33  3:05  Drone  
  36  3:06  Drone  
  36  3:11  Overlord  
  37  3:14  Spine Crawler  
  37  3:16  Drone  
  37  3:20  Zergling x2  
  37  3:21  Drone x2  
  37  3:24  Zergling x2  
  41  3:27  Zergling x2  
  41  3:32  Zergling x2  
  43  3:34  Evolution Chamber  
  43  3:36  Zergling x2  
  43  3:38  Evolution Chamber  
  43  3:41  Zergling x2  
  43  3:42  Zergling x2  
  43  3:43  Zergling x2  
  43  3:45  Baneling  
  43  3:46  Baneling  
  43  3:47  Drone  
  43  3:50  Drone  
  43  3:52  Drone  
  43  3:53  Baneling x2  
  43  3:55  Baneling x2  
  45  3:57  Drone  
  46  4:06  Drone  
  44  4:12  Drone  
  44  4:13  Drone x2, Evolution Chamber  
  44  4:15  Drone  
  44  4:16  Zergling x2  
  48  4:19  Roach Warren  
  48  4:21  Extractor  
  48  4:23  Extractor  
  44  4:24  Drone  
  44  4:26  Drone x2  
  45  4:32  Zergling x2  
  45  4:33  Zergling x2  
  45  4:41  Zerg Missile Weapons Level 1  
  43  4:45  Zergling x2  
  43  4:50  Overlord  
  43  4:51  Baneling  
  43  4:52  Baneling  
  43  4:53  Overlord  
  43  4:59  Overlord  
  43  5:04  Overlord  
  43  5:09  Drone x2  
  43  5:10  Lair  
  43  5:11  Drone x3  
  47  5:14  Roach  
  47  5:17  Drone  
  47  5:19  Baneling, Drone  
  47  5:21  Baneling  
  51  5:24  Roach  
  51  5:26  Drone  
  54  5:33  Roach  
  54  5:34  Roach  
  52  5:36  Roach  
  52  5:40  Zergling x2  
  53  5:50  Drone  
  53  5:51  Drone  
  53  5:52  Drone  
  53  5:54  Drone  
  53  5:55  Drone  
  53  5:56  Drone  
  57  6:06  Hatchery  
  56  6:13  Extractor  
  56  6:16  Spire  
  56  6:18  Drone  
  55  6:22  Drone x2  
  55  6:23  Drone  
  55  6:24  Drone  
  59  6:29  Roach  
  59  6:32  Evolution Chamber  
  60  6:36  Overlord  
  61  6:45  Evolution Chamber  
  61  6:46  Glial Reconstitution  
  60  6:48  Overlord  
  60  6:50  Zergling x14  
  60  6:52  Zergling x2  
  67  7:22  Hatchery  
  67  7:28  Mutalisk  
  67  7:29  Mutalisk x6  
  79  7:34  Zerg Flyer Weapons Level 1  
  79  7:43  Mutalisk  
  79  7:45  Spine Crawler x2  
  80  7:52  Hatchery, Unknown, Zergling x2, Roach  
  80  7:53  Roach x2  
  80  7:55  Overlord  
  86  8:02  Roach  
  88  8:07  Roach  
  88  8:09  Overlord  
  88  8:22  Roach  
  88  8:23  Roach  
  88  8:24  Roach x2  
  96  8:29  Roach  
  96  8:30  Drone  
  96  8:32  Drone  
  96  8:33  Mutalisk x2  
  103  8:38  Overlord  
  103  8:41  Overlord  
  103  8:48  Zerg Missile Weapons Level 2  
  96  9:06  Drone  
  96  9:07  Roach  
  96  9:08  Drone  
  96  9:09  Mutalisk x3  
  100  9:15  Drone x5  
  111  9:18  Drone  
  111  9:22  Overlord  
  112  9:28  Overlord  
  112  9:31  Mutalisk  
  112  9:34  Mutalisk  
  112  9:37  Mutalisk  
  118  9:42  Overlord  
  118  9:43  Unknown  
  118  9:47  Mutalisk, Extractor  
  119  9:54  Roach  
  119  9:55  Drone, Roach x3  
  128  10:04  Mutalisk  
  128  10:05  Drone  
  131  10:10  Drone  
  131  10:11  Mutalisk  
  131  10:13  Extractor  
  133  10:20  Unknown, Ravager  
  133  10:21  Overlord  
  134  10:25  Hatchery  
  134  10:28  Overlord  
  133  10:29  Unknown, Roach x2  
  133  10:32  Drone, Roach  
  133  10:33  Mutalisk, Drone  
  143  10:37  Mutalisk  
  145  10:49  Roach  
  145  10:58  Drone, Roach  
  145  11:01  Roach  
  150  11:06  Overlord, Roach  
  150  11:08  Roach x2  
  150  11:10  Drone  
  157  11:13  Drone  
  157  11:15  Zerg Ground Armor Level 1  
  157  11:18  Ravager x3  
  161  11:22  Overlord x3  
  161  11:23  Overlord x2  
  161  11:24  Drone  
  162  11:30  Roach  
  162  11:31  Overlord  
  164  11:34  Drone  
  164  11:36  Hydralisk Den, Drone x2  
  164  11:37  Unknown  
  160  11:47  Roach x5  
  160  11:48  Roach  
  160  11:49  Drone  
  160  11:52  Roach x2  
  177  12:01  Roach  
  179  12:06  Roach  
  182  12:08  Ravager x3  
  182  12:09  Ravager x2  
  182  12:10  Ravager  
  182  12:12  Roach  
  182  12:13  Zergling x10  
  194  12:17  Roach  
  196  12:25  Muscular Augments  
  194  12:41  Roach  
  194  12:42  Roach x2  
  196  12:47  Roach  
  196  12:48  Lurker Den, Roach  
  199  12:54  Roach x2  
  195  13:07  Roach  
  195  13:08  Roach  
  181  13:13  Roach x8  
  181  13:14  Hydralisk x2  
  199  13:21  Roach  
  191  13:39  Roach  
  191  13:40  Grooved Spines  
  174  13:43  Drone x8  
  174  13:44  Hydralisk  
  174  13:45  Hydralisk x2  
  186  13:49  Hydralisk  
  188  13:56  Hydralisk  
  188  14:00  Hydralisk  
  186  14:08  Hydralisk x2  
  188  14:12  Hatchery  
  188  14:16  Lurker x4  
  183  14:28  Hydralisk x2  
  183  14:30  Roach  
  171  14:31  Overlord, Lurker x2  
  171  14:33  Spine Crawler x3, Roach  
  171  14:34  Roach x6  
  171  14:35  Drone  
  171  14:37  Drone x2  
  171  14:38  Drone x2  
  186  14:39  Extractor  
  186  14:41  Hydralisk  
  186  14:43  Overseer x2  
  188  14:47  Unknown x6  
  188  15:02  Hatchery  
  188  15:03  Hydralisk x2  
  188  15:05  Hydralisk  
  193  15:09  Overlord  
  190  15:16  Overseer  
  190  15:20  Overlord  
  190  15:21  Hydralisk x2, Lurker x2  
  183  15:24  Overlord  
  183  15:25  Overseer  
  183  15:27  Hydralisk  
  189  15:31  Hydralisk x3  
  189  15:32  Hydralisk  
  193  15:36  Roach  
  193  15:38  Roach  
  193  15:41  Roach  
  178  16:02  Hydralisk x2  
  159  16:06  Hydralisk x2  
  159  16:07  Hydralisk x2  
  159  16:08  Roach  
  145  16:15  Unknown, Roach x2  
  125  16:20  Hydralisk  
  115  16:25  Roach  
  115  16:29  Drone  
  100  16:36  Roach  
  99  16:45  Roach  
  90  16:47  Roach  
  84  16:54  Roach  
  84  16:56  Lurker  
  87  17:05  Roach  
Show
View Real Time Build Order
Export as new Build Order

Serral Zerg - Winner!

Build Orders: Hatch First, Lurkers 

Get SALT Encoding   

  12  0:00  Drone  
  13  0:13  Overlord  
  13  0:17  Drone  
  14  0:31  Drone x2  
  16  0:48  Hatchery  
  15  0:51  Drone  
  15  0:55  Drone  
  17  1:09  Spawning Pool  
  16  1:12  Extractor  
  16  1:13  Drone  
  16  1:17  Drone  
  17  1:21  Drone  
  18  1:29  Drone  
  19  1:41  Overlord  
  19  1:50  Drone  
  20  1:56  Queen  
  20  2:00  Queen  
  20  2:01  Zergling x2  
  25  2:02  Drone  
  26  2:10  Drone  
  26  2:11  Drone  
  26  2:13  Metabolic Boost  
  28  2:22  Drone x2  
  30  2:33  Overlord  
  30  2:43  Baneling Nest  
  29  2:45  Evolution Chamber  
  28  2:53  Zergling x6  
  28  2:57  Zergling x4  
  33  3:04  Zergling x8  
  37  3:10  Zergling x4  
  37  3:11  Zergling x4  
  41  3:18  Zergling x4  
  43  3:27  Baneling x2  
  43  3:28  Baneling  
  43  3:29  Baneling, Overlord  
  43  3:32  Drone  
  44  3:38  Overlord  
  44  3:47  Drone  
  44  3:48  Drone x3  
  47  3:52  Drone x2  
  48  3:57  Baneling x2  
  48  4:02  Overlord  
  48  4:07  Overlord, Drone x2  
  47  4:10  Drone  
  47  4:13  Zergling x2  
  47  4:14  Zergling x2  
  50  4:17  Evolution Chamber  
  50  4:23  Zergling x4  
  44  4:25  Zergling x4  
  44  4:27  Zergling x2  
  45  4:32  Drone  
  45  4:35  Drone  
  45  4:38  Queen  
  45  4:43  Queen  
  48  4:51  Zerg Missile Weapons Level 1  
  48  4:53  Roach Warren  
  48  4:54  Zergling x2  
  48  4:56  Drone  
  48  4:58  Drone  
  48  4:59  Drone  
  51  5:03  Extractor  
  51  5:05  Drone x2  
  52  5:15  Drone  
  52  5:19  Extractor, Lair  
  52  5:20  Overlord  
  50  5:32  Drone x2  
  49  5:40  Hatchery, Drone x2  
  49  5:54  Zergling x2  
  49  5:55  Zergling x6  
  51  5:59  Zergling x4  
  51  6:02  Roach x3  
  57  6:10  Roach  
  59  6:13  Roach  
  59  6:16  Glial Reconstitution  
  61  6:21  Roach  
  61  6:23  Roach x3  
  61  6:25  Roach x4  
  77  6:29  Hatchery  
  76  6:33  Overlord  
  76  6:41  Drone  
  76  6:43  Roach  
  76  6:46  Zerg Missile Weapons Level 2  
  79  6:48  Roach  
  79  6:52  Overseer  
  81  6:54  Overlord  
  81  6:56  Overlord  
  81  7:02  Drone x4  
  81  7:05  Roach  
  87  7:09  Drone  
  87  7:12  Extractor, Evolution Chamber  
  87  7:13  Roach  
  87  7:19  Roach  
  87  7:20  Queen  
  91  7:24  Roach x2  
  95  7:31  Overlord  
  95  7:33  Drone x5  
  100  7:38  Zerg Ground Armor Level 1  
  100  7:43  Overlord  
  100  7:45  Overlord  
  100  7:47  Roach  
  102  7:54  Roach x3  
  108  7:59  Queen x2  
  108  8:04  Spore Crawler x2  
  110  8:06  Spore Crawler  
  110  8:09  Drone x2  
  111  8:15  Drone x4  
  111  8:17  Drone  
  113  8:23  Queen  
  113  8:26  Drone x3  
  112  8:28  Drone  
  112  8:30  Drone x2  
  112  8:33  Spore Crawler  
  113  8:37  Queen  
  115  8:42  Overlord  
  115  8:43  Overlord  
  115  8:47  Overlord  
  113  8:58  Drone  
  113  9:00  Queen x2  
  118  9:08  Drone x3  
  118  9:10  Drone  
  118  9:12  Queen  
  121  9:17  Overlord  
  121  9:18  Drone x2  
  121  9:19  Drone  
  124  9:25  Hydralisk Den, Extractor  
  124  9:29  Drone  
  124  9:30  Overlord x2  
  122  9:31  Ravager  
  122  9:32  Ravager x2  
  122  9:38  Roach x2  
  129  9:43  Roach x2  
  133  9:50  Overlord, Hydralisk Den  
  133  9:54  Overlord  
  133  9:56  Overlord  
  133  9:59  Drone x3  
  136  10:00  Extractor  
  136  10:05  Roach x4  
  136  10:06  Overlord  
  143  10:10  Extractor  
  143  10:13  Overlord  
  142  10:19  Ravager  
  143  10:21  Hydralisk  
  143  10:22  Muscular Augments, Hydralisk x3  
  143  10:28  Ravager  
  152  10:30  Hydralisk x2  
  156  10:37  Hydralisk x3  
  160  10:48  Hydralisk x3  
  154  11:02  Zergling x12  
  154  11:03  Hydralisk x2  
  158  11:10  Spore Crawler  
  157  11:14  Hydralisk x3  
  163  11:20  Ravager  
  163  11:23  Baneling x10  
  163  11:24  Baneling x2  
  164  11:34  Hydralisk x3  
  170  11:42  Overlord x2, Grooved Spines  
  170  11:45  Overlord  
  167  11:51  Overseer  
  167  11:59  Overlord x2  
  165  12:03  Hydralisk x3  
  165  12:08  Drone x2  
  173  12:12  Lurker Den  
  172  12:24  Hydralisk  
  172  12:25  Roach  
  176  12:31  Hatchery  
  175  12:40  Roach x6  
  184  12:48  Drone x2  
  184  12:49  Drone x3  
  187  12:57  Roach x3  
  192  13:10  Roach x4  
  200  13:23  Hydralisk  
  200  13:26  Zerg Ground Armor Level 2  
  196  13:35  Overlord  
  196  13:46  Extractor  
  196  13:47  Extractor  
  194  13:51  Lurker x4  
  194  13:54  Hatchery  
  197  13:56  Drone x3  
  183  14:04  Roach x5  
  197  14:18  Roach  
  192  14:34  Hatchery  
  192  14:37  Hydralisk  
  193  14:38  Hydralisk  
  193  14:39  Hydralisk  
  193  14:42  Roach  
  195  14:58  Hydralisk x2  
  197  15:19  Lurker x3  
  196  15:30  Hydralisk x2  
  196  15:31  Roach  
  176  16:04  Roach x16  
  176  16:10  Roach x3  
  184  16:15  Overseer  
  184  16:17  Drone  
  184  16:18  Drone x5  
  179  16:22  Drone x2  
  165  16:30  Hydralisk x2  
  163  16:37  Lurker x2  
  163  16:39  Drone x2  
  165  16:40  Drone x2  
  165  16:42  Drone  
  157  16:47  Hydralisk  
  157  16:54  Roach x3  
  152  17:01  Roach x3  
  158  17:08  Roach x2  
  157  17:11  Roach x2  
Tags
 
Add a new tag
Caveats
  • Supply blocks, unpowered buildings, or Contaminate may cause inaccurate times.
  • Supply counts are checked every 10 seconds.